Match 38455490
Unlisted

Match 38455490
End
Kettenkrad Recon Vehicle
Construct Infanterie Kompanie
MG 42 Machine Gun Team
Grenadier Squad
Selects Breakthrough Battlegroup
GrW 34 Mortar Team
Selects Assault Grenadiers
Construct Luftwaffe Kompanie
Jäger Squad
Selects Rapid Production
Support Elements
Jäger Squad
Marder III M Tank Destroyer
Selects Blitzkrieg
Pioneer Squad
Wirbelwind Flakpanzer
Luftwaffe Officer Quarters
Selects Smoke Bombing Run
Kettenkrad Recon Vehicle
Marder III M Tank Destroyer
Jäger Squad
Construct Panzer Kompanie
Selects Incendiary Bombing Run
Pioneer Squad
Panzer IV Medium Tank
Panzer Officer Quarters
Kettenkrad Recon Vehicle
Stoßtruppen Squad
Kettenkrad Recon Vehicle
el televisoro
ONEPIXEL
matjouz
Sarmynation
0
0

Comments sign in to comment!

No comments posted yet!